 Dungeon Sprint DCSS version 0.16.1-28-gcc2312f (webtiles) character file.

134843 Kidiri the Imperceptible (level 17, -7/172 HPs)
             Began as a Naga Fighter on May 29, 2015.
             Was a High Priest of Cheibriados.
             Splashed by an acid blob's acid (15 damage)
             ... in the Dungeon (Sprint VII: "The Pits").
             The game lasted 00:45:27 (6177 turns).

Kidiri the Imperceptible (Naga Fighter)             Turns: 6177, Time: 00:45:27

Health: -7/172     AC: 14    Str: 46    XL:     17   Next: 18%
Magic:  14/37      EV: 19    Int: 29    God:    Cheibriados [*****.]
Gold:   16         SH: 20    Dex: 28    Spells: 0 memorised, 16 levels left

rFire  + + +     SeeInvis +     A - +11 scimitar "Aplaekoa" {pain, rN+ Str+4 Int-4 Dex+4}
rCold  + . .     Clarity  .     D - +2 gold dragon armour
rNeg   + + .     SustAb   .     c - +0 shield
rPois  +         Gourm    .     E - +2 helmet {Int+3}
rElec  +         Spirit   .     t - +2 cloak {MR+}
rCorr  .         Warding  .     a - +1 pair of gloves
rMut   .         NoTele   +     (no barding)
MR     +++..                    F - amulet of Idealism {+Rage +Fly Int+6}
Stlth  +++.......               i - ring of Ymymu {rF+ MP+9 Str+6 SInv}
                                I - ring "Smeb" {+Fly rElec rF+ rN+ Int+3 Dex-3}

@: corroded equipment, very slow, extremely resistant to hostile enchantments,
fairly stealthy
A: spit poison, constrict 1, see invisible, breathe flames 1, deformed body,
frail 1, low mp 1, poison resistance, slowness 2, placid magic 1, AC +5
a: Spit Poison, Bend Time, Temporal Distortion, Slouch, Step From Time, Renounce
Religion, Breathe Fire, Evoke Berserk Rage, Evoke Flight


You were in the Dungeon.
You worshipped Cheibriados.
Cheibriados was extremely pleased with you.
You were not hungry.

You visited 1 branch You collected 16 gold pieces.

Inventory:

Hand weapons
 A - the +11 scimitar "Aplaekoa" (weapon) {pain, rN+ Str+4 Int-4 Dex+4}
   (You took it off a white draconian in the Dungeon)

   In the hands of one skilled in necromantic magic, it inflicts extra damage on
   living creatures.
   It affects your strength (+4).
   It affects your intelligence (-4).
   It affects your dexterity (+4).
   It protects you from negative energy.
Armour
 a - a +1 pair of gloves (worn)
 c - a +0 shield (worn)
 r - a +1 robe of resistance
 t - a +2 cloak of magic resistance (worn)
 D - a +2 gold dragon armour (worn)
 E - a +2 helmet of intelligence (worn)
Rods
 B - a +5 rod of inaccuracy (10/10)
   (You took it off a vampire in the Dungeon)
 C - a +2 lightning rod (14/14)
   (You found it in the Dungeon)
Jewellery
 e - a +3 ring of evasion
 g - a +3 ring of strength
 i - the ring of Ymymu (right hand) {rF+ MP+9 Str+6 SInv}
   (You found it in the Dungeon)

   [ring of protection from fire]

   It affects your strength (+6).
   It protects you from fire.
   It affects your magic capacity (+9).
   It enhances your eyesight.
 n - the ring of the Heron {+Inv rN++ MP+9 Str-4 Int+3}
   (You found it in the Dungeon)

   [ring of intelligence]

   It affects your strength (-4).
   It affects your intelligence (+3).
   It greatly protects you from negative energy.
   It affects your magic capacity (+9).
   It lets you turn invisible.
 s - the amulet "Thufoc" {Faith rF+ rC- Slay+2}
   (You found it in the Dungeon)

   [amulet of faith]

   It allows you to gain divine favour quickly.
   It affects your accuracy and damage with ranged weapons and melee attacks
   (+2).
   It protects you from fire.
   It makes you vulnerable to cold.
 x - the ring "Opa Zedo" {Wiz Str-2 Int+6}
   (You found it in the Dungeon)

   [ring of wizardry]

   It improves your spell success rate.
   It affects your strength (-2).
   It affects your intelligence (+6).
 F - an amulet of Idealism (around neck) {+Rage +Fly Int+6}
   (You found it in the Dungeon)

   [amulet of rage]

   It affects your intelligence (+6).
   It lets you fly.
   It lets you go berserk.
 H - the ring "Troosiz" {rPois EV+3 Int+2}
   (You found it in the Dungeon)

   [ring of evasion]

   It affects your evasion (+3).
   It affects your intelligence (+2).
   It protects you from poison.
 I - the ring "Smeb" (left hand) {+Fly rElec rF+ rN+ Int+3 Dex-3}
   (You found it in the Dungeon)

   [ring of intelligence]

   It affects your intelligence (+3).
   It affects your dexterity (-3).
   It protects you from fire.
   It insulates you from electricity.
   It protects you from negative energy.
   It lets you fly.
 J - the ring "Shoteot" {SustAb rC+ Stlth+}
   (You found it in the Dungeon)

   [ring of sustain abilities]

   It sustains your strength, intelligence and dexterity.
   It protects you from cold.
   It makes you more stealthy.
 K - the amulet of the Slug {Inacc -Cast Int+3 SInv}
   (You found it in the Dungeon)

   [amulet of inaccuracy]

   It reduces the accuracy of all your attacks.
   It affects your intelligence (+3).
   It enhances your eyesight.
   It prevents spellcasting.
Scrolls
 b - a scroll of fog
 j - 4 scrolls of identify
 o - 5 scrolls of remove curse
 p - 5 scrolls of amnesia
 q - a scroll of summoning
 v - a scroll of recharging
 y - 2 scrolls of enchant weapon
Potions
 f - 8 potions of curing
 h - a potion of restore abilities
 k - 13 potions of heal wounds
 u - 3 potions of might
 w - 2 potions of cure mutation
 L - a potion of agility
Comestibles
 d - 9 bread rations
 l - 32 fruits
 m - 7 meat rations
 G - 18 royal jellies


   Skills:
 * Level 21.9 Fighting
 * Level 21.8 Long Blades
 * Level 19.0 Armour
 + Level 14.0 Dodging
 + Level 23.2 Stealth
 * Level 19.1 Shields
 - Level 13.7 Invocations


You had 16 spell levels left.
You didn't know any spells.

Dungeon Overview and Level Annotations

Branches:
Dungeon (1/1)

Altars:
Ashenzari
Cheibriados
Dithmenos
Elyvilon
Fedhas
Kikubaaqudgha
Makhleb
Nemelex Xobeh
Okawaru
Ru
Sif Muna
Trog
Vehumet
Xom
Yredelemnul
Zin
The Shining One
Beogh
Jiyva
Lugonu


Innate Abilities, Weirdness & Mutations

You cannot wear boots.
You can spit poison.
You can use your snake-like lower body to constrict enemies.
Your serpentine skin is tough (AC +5).
You have supernaturally acute eyesight.
Armour fits poorly on your strangely shaped body.
Your system is resistant to poisons.
You cover ground very slowly.
You can breathe flames.
You are frail (-10% HP).
Your magical capacity is low (-10% MP).
Your spells are a little easier to cast, but a little less powerful.


Message History

You are splashed with acid!
The acid burns!
* * * LOW HITPOINT WARNING * * *
The azure jelly jiggles.
Read which item? (? for menu, Esc to quit)
As you read the scroll of fear, it crumbles to dust.
You assume a fearsome visage.
The azure jelly looks frightened!
The acid blob resists with almost no effort.
The azure jelly looks frightened!
The azure jelly resists with almost no effort.
The azure jelly easily resists.
The acid blob looks frightened!
The death ooze is unaffected.
The acid blob resists with almost no effort.
The acid blob jiggles.
You block the acid blob's attack. The death ooze completely misses you.
You block the death ooze's attack. The acid blob spits acid at you.
The splash of acid hits you!
* * * LOW HITPOINT WARNING * * *
The acid corrodes your equipment!
The acid burns!
You die...

#######++###
###...........#
##...............
#........J.......
#.......J........
#.......JJ........
#.....JJ@.......#
###).(JJ......###
##')#########
#####)(###################
#..........##.....#.....#.
#..........##.....#.....#.
+..#....#..##..#''#''#''#'
+..........##..'..........
#..........##.['..........


You could see 3 acid blobs, 4 azure jellies and a death ooze.

Vanquished Creatures
  the royal jelly (D)
  A greater mummy (D)
  3 pandemonium lords (D)
  Boris (D)
  the Lernaean hydra (D)
  Margery (D)
  2 profane servitors (D)
  Xtahua (D)
  A pearl dragon (D)
  A Brimstone Fiend (D)
  A deep elf blademaster (D)
  A quicksilver dragon (D)
  4 acid blobs (D)
  A titan (D)
  A sphinx (D)
  5 azure jellies (D)
  A storm dragon (D)
  A fire giant (D)
  A frost giant (D)
  2 greater nagas (D)
  An iron dragon (D)
  2 orc warlords (D)
  An emperor scorpion (D)
  3 cacodemons (D)
  A war gargoyle (D)
  A reaper (D)
  An ophan (D)
  2 deep elf annihilators (D)
  A stone giant (D)
  A grey draconian (D)
  A purple draconian (D)
  2 red draconians (D)
  2 white draconians (D)
  An unborn (D)
  A green death (D)
  A blizzard demon (D)
  A mummy priest (D)
  A deep elf death mage (D)
  2 death oozes (D)
  An eidolon (D)
  A merfolk impaler (D)
  4 vault guards (D)
  2 fire dragons (D)
  A death cob (D)
  2 yaktaur captains (D)
  A merfolk avatar (D)
  A hell beast (D)
  A centaur warrior (D)
  A death knight (D)
  3 hell hogs (D)
  A vampire mage (D)
  4 deep elf knights (D)
  An iron troll (D)
  A sun demon (D)
  12 hell knights (D)
  A soul eater (D)
  An ice devil (D)
  A cherub (D)
  An unseen horror (D)
  2 sea snakes (D)
  A flayed ghost (D)
  A spriggan druid (D)
  A death drake (D)
  A swamp dragon (D)
  A wizard (D)
  A deep elf conjurer (D)
  2 necromancers (D)
  9 orc knights (D)
  2 wolf spiders (D)
  An orc sorcerer (D)
  A black mamba (D)
  A molten gargoyle (D)
  Maurice (D)
  A sixfirhy (D)
  A rust devil (D)
  A komodo dragon (D)
  A spiny frog (D)
  A hellwing (D)
  A tormentor (D)
  7 yaktaurs (D)
  A kobold demonologist (D)
  An efreet (D)
  A deep elf priest (D)
  A guardian mummy (D)
  2 demonic crawlers (D)
  4 merfolk (D)
  A two-headed ogre (shapeshifter) (D)
  Sonja (D)
  Grinder (D)
  2 blink frogs (D)
  2 wandering mushrooms (D)
  A jumping spider (D)
  A bog body (D)
  3 boulder beetles (D)
  A slime creature (shapeshifter) (D)
  A basilisk (D)
  A spriggan (D)
  2 air elementals (D)
  A tarantella (shapeshifter) (D)
  A wraith (D)
  2 redbacks (D)
  A vampire (D)
  3 deep elf magi (D)
  2 golden eyes (D)
  A fire elemental (D)
  6 vampire mosquitoes (D)
  A neqoxec (D)
  2 deep elf fighters (D)
  A mottled dragon (D)
  A hungry ghost (D)
  2 wargs (D)
  A soldier ant (D)
  A chaos spawn (D)
  7 wolves (D)
  A wasp (D)
  A necrophage (D)
  4 orc warriors (D)
  A boring beetle (D)
  An ice beast (D)
  A crocodile (D)
  3 big kobolds (D)
  A small abomination (D)
  A gnoll sergeant (D)
  An earth elemental (D)
  A goliath beetle (D)
  2 crimson imps (D)
  A quasit (D)
  2 orc wizards (D)
  4 sheep (D)
  An adder (D)
  6 gnolls (D)
  2 river rats (D)
  2 giant mites (D)
  A white imp (D)
  An ufetubus (D)
  2 giant geckos (D)
  3 orcs (D)
  A bat skeleton (D)
  3 giant cockroaches (D)
  A goblin (D)
  5 jackals (D)
  3 kobolds (D)
  A quokka (D)
  A bat (D)
254 creatures vanquished.

Vanquished Creatures (others)
  A raven (D)
1 creature vanquished.

Grand Total: 255 creatures vanquished

Notes
Turn   | Place    | Note
--------------------------------------------------------------
     0 | D        | Kidiri, the Naga Fighter, began the quest for the Orb.
     0 | D        | Reached XP level 1. HP: 21/21 MP: 1/1
    26 | D        | Found a sacrificial altar of Ru.
    26 | D        | Found a basalt altar of Yredelemnul.
    26 | D        | Found a shadowy altar of Dithmenos.
    26 | D        | Found a deep blue altar of Sif Muna.
    26 | D        | Found a burning altar of Makhleb.
    26 | D        | Found a shimmering altar of Xom.
    26 | D        | Found an ancient bone altar of Kikubaaqudgha.
    26 | D        | Found a sparkling altar of Nemelex Xobeh.
    27 | D        | Found a glowing golden altar of the Shining One.
    27 | D        | Found a bloodstained altar of Trog.
    27 | D        | Found a shattered altar of Ashenzari.
    27 | D        | Found a white marble altar of Elyvilon.
    27 | D        | Found a snail-covered altar of Cheibriados.
    27 | D        | Found a blossoming altar of Fedhas.
    27 | D        | Found a radiant altar of Vehumet.
    27 | D        | Found a glowing silver altar of Zin.
    27 | D        | Found a corrupted altar of Lugonu.
    27 | D        | Found a viscous altar of Jiyva.
    27 | D        | Found a roughly hewn altar of Beogh.
    27 | D        | Found an iron altar of Okawaru.
    34 | D        | Became a worshipper of Cheibriados the Contemplative
    70 | D        | Reached skill level 1 in Stealth
    70 | D        | Reached XP level 2. HP: 26/28 MP: 2/2
    74 | D        | Acquired Cheibriados' first power
    74 | D        | Reached skill level 1 in Invocations
   116 | D        | Reached skill level 1 in Dodging
   117 | D        | Reached XP level 3. HP: 36/36 MP: 3/3
   118 | D        | Acquired Cheibriados' second power
   125 | D        | Reached skill level 4 in Fighting
   130 | D        | Acquired Cheibriados' third power
   210 | D        | Noticed a gnoll sergeant
   211 | D        | Noticed a big kobold
   235 | D        | Killed a gnoll sergeant
   235 | D        | Acquired Cheibriados' fourth power
   235 | D        | Reached XP level 4. HP: 33/45 MP: 3/5
   242 | D        | Reached skill level 5 in Fighting
   251 | D        | Killed a big kobold
   251 | D        | Reached XP level 5. HP: 41/54 MP: 4/8
   253 | D        | Reached skill level 5 in Long Blades
   253 | D        | Reached skill level 5 in Stealth
   253 | D        | Reached skill level 6 in Fighting
   253 | D        | Reached skill level 5 in Shields
   253 | D        | Reached XP level 6. HP: 47/62 MP: 6/10
   350 | D        | Noticed an orc wizard
   353 | D        | Killed an orc wizard
   361 | D        | Noticed a flayed ghost
   385 | D        | Killed a flayed ghost
   385 | D        | Reached skill level 7 in Fighting
   385 | D        | Reached skill level 5 in Invocations
   385 | D        | Reached XP level 7. HP: 67/73 MP: 8/13
   421 | D        | Noticed an orc warrior
   421 | D        | Noticed an orc wizard
   422 | D        | Killed an orc wizard
   422 | D        | Killed an orc warrior
   422 | D        | Reached skill level 8 in Fighting
   422 | D        | Reached XP level 8. HP: 79/81 MP: 15/15
   439 | D        | Noticed a mottled dragon
   439 | D        | Noticed a vampire mosquito
   439 | D        | Noticed a vampire mosquito
   439 | D        | Noticed a vampire mosquito
   440 | D        | Killed a vampire mosquito
   440 | D        | Killed a vampire mosquito
   440 | D        | Killed a vampire mosquito
   545 | D        | Killed a mottled dragon
   661 | D        | Noticed a deep elf fighter
   661 | D        | Noticed a wolf
   661 | D        | Noticed a wolf
   661 | D        | Noticed a wolf
   663 | D        | Killed a wolf
   663 | D        | Killed a wolf
   663 | D        | Reached skill level 9 in Fighting
   663 | D        | Killed a wolf
   663 | D        | Reached XP level 9. HP: 88/91 MP: 18/18
   663 | D        | Killed a deep elf fighter
   695 | D        | Noticed a demonic crawler
   695 | D        | Noticed a komodo dragon
   695 | D        | Noticed a vampire mosquito
   695 | D        | Noticed a vampire mosquito
   695 | D        | Noticed a vampire mosquito
   696 | D        | Killed a vampire mosquito
   696 | D        | Reached skill level 5 in Dodging
   696 | D        | Killed a vampire mosquito
   696 | D        | Killed a vampire mosquito
   700 | D        | Killed a demonic crawler
   702 | D        | Killed a komodo dragon
   702 | D        | Reached skill level 10 in Fighting
   702 | D        | Reached skill level 10 in Stealth
   829 | D        | Noticed a sea snake
   829 | D        | Noticed an efreet
   832 | D        | Killed an efreet
   832 | D        | Killed a sea snake
   832 | D        | Reached skill level 10 in Long Blades
   832 | D        | Reached XP level 10. HP: 90/103 MP: 14/21
   908 | D        | Noticed a demonic crawler
   910 | D        | Noticed a small abomination
   913 | D        | Killed a demonic crawler
   917 | D        | Killed a small abomination
   935 | D        | Noticed a merfolk avatar
   935 | D        | Noticed a hungry ghost
   937 | D        | Killed a hungry ghost
   939 | D        | Killed a merfolk avatar
   939 | D        | Reached skill level 11 in Fighting
  1032 | D        | Noticed a deep elf mage
  1032 | D        | Noticed a deep elf conjurer
  1032 | D        | Noticed a deep elf mage
  1033 | D        | Killed a deep elf mage
  1034 | D        | Noticed a necrophage
  1034 | D        | Killed a deep elf conjurer
  1034 | D        | Killed a necrophage
  1036 | D        | Noticed a redback
  1036 | D        | Noticed a deep elf fighter
  1036 | D        | Noticed Sonja
  1038 | D        | Killed a redback
  1038 | D        | Killed a deep elf fighter
  1041 | D        | Killed Sonja
  1041 | D        | Killed a deep elf mage
  1211 | D        | Noticed a molten gargoyle
  1211 | D        | Noticed a kobold demonologist
  1212 | D        | Noticed a big kobold
  1213 | D        | Noticed a centaur warrior
  1213 | D        | Noticed a big kobold
  1213 | D        | Noticed an unseen horror
  1213 | D        | Noticed a grey draconian
  1213 | D        | Killed an unseen horror
  1213 | D        | Reached skill level 10 in Shields
  1213 | D        | Reached XP level 11. HP: 112/112 MP: 23/23
  1214 | D        | Killed a kobold demonologist
  1214 | D        | Reached skill level 12 in Stealth
  1214 | D        | Killed a molten gargoyle
  1214 | D        | Killed a big kobold
  1214 | D        | Killed a big kobold
  1214 | D        | Killed a centaur warrior
  1214 | D        | Reached skill level 10 in Armour
  1215 | D        | Noticed Grinder
  1223 | D        | Noticed a warg
  1224 | D        | Killed a grey draconian
  1224 | D        | Killed Grinder
  1224 | D        | Killed a warg
  1228 | D        | Noticed a wolf
  1228 | D        | Noticed an ice beast
  1229 | D        | Noticed a wolf
  1229 | D        | Noticed a wolf spider
  1418 | D        | Noticed an orc warrior
  1418 | D        | Noticed a wolf
  1418 | D        | Noticed an orc warrior
  1419 | D        | Noticed a goliath beetle
  1419 | D        | Noticed an orc knight
  1419 | D        | Noticed a warg
  1419 | D        | Killed an ice beast
  1419 | D        | Killed a wolf
  1419 | D        | Killed a warg
  1420 | D        | Noticed an orc warrior
  1421 | D        | Noticed a wolf
  1421 | D        | Killed a wolf spider
  1422 | D        | Noticed a spriggan
  1422 | D        | Noticed a boulder beetle
  1423 | D        | Killed a wolf
  1423 | D        | Killed a wolf
  1423 | D        | Killed a wolf
  1423 | D        | Killed an orc warrior
  1423 | D        | Killed an orc warrior
  1424 | D        | Noticed a wasp
  1425 | D        | Killed an orc knight
  1425 | D        | Reached skill level 13 in Stealth
  1425 | D        | Killed an orc warrior
  1430 | D        | Noticed an orc sorcerer
  1430 | D        | Killed a goliath beetle
  1430 | D        | Killed a wasp
  1430 | D        | Killed a spriggan
  1431 | D        | Killed a boulder beetle
  1431 | D        | Killed an orc sorcerer
  1529 | D        | Identified Ziecext's Hermeneutics Continued (You found it in the Dungeon)
  1537 | D        | Got the +4 mace of Execution {crush, +Inv MR+ Int+2}
  1658 | D        | Noticed a hell hog
  1658 | D        | Noticed a guardian mummy
  1658 | D        | Noticed a red draconian
  1658 | D        | Noticed a bog body
  1658 | D        | Noticed a wandering mushroom
  1658 | D        | Noticed an emperor scorpion
  1663 | D        | Killed a hell hog
  1663 | D        | Killed a bog body
  1923 | D        | Noticed a quasit
  1923 | D        | Noticed a fire elemental
  1923 | D        | Noticed a soldier ant
  1923 | D        | Killed a fire elemental
  1923 | D        | Killed a quasit
  1924 | D        | Noticed a white draconian
  1924 | D        | Killed a soldier ant
  1924 | D        | Killed a wandering mushroom
  1924 | D        | Reached XP level 12. HP: 119/126 MP: 19/25
  1925 | D        | Noticed a hell hog
  1925 | D        | Noticed a crocodile
  1925 | D        | Killed a guardian mummy
  1925 | D        | Killed a crocodile
  1926 | D        | Noticed a swamp dragon
  1926 | D        | Noticed a wraith
  1926 | D        | Killed a hell hog
  1926 | D        | Killed a red draconian
  1926 | D        | Reached skill level 10 in Invocations
  1927 | D        | Killed a white draconian
  1927 | D        | Reached skill level 14 in Stealth
  1931 | D        | Killed an emperor scorpion
  1931 | D        | Killed a wraith
  1932 | D        | Noticed a hell hog
  1936 | D        | Noticed a vampire
  1936 | D        | Killed a swamp dragon
  1936 | D        | Killed a vampire
  1937 | D        | Noticed a boulder beetle
  1940 | D        | Killed a hell hog
  1941 | D        | Got the +11 scimitar "Aplaekoa" {pain, rN+ Str+4 Int-4 Dex+4}
  1946 | D        | Killed a boulder beetle
  1981 | D        | Noticed a basilisk
  1982 | D        | Noticed an air elemental
  1982 | D        | Killed an air elemental
  1985 | D        | Gained mutation: You can breathe flames. [mutagenic meat]
  1986 | D        | Gained mutation: You are frail (-10% HP). [mutagenic meat]
  1987 | D        | Gained mutation: Your spells are a little easier to cast, but a little less powerful. [mutagenic meat]
  1998 | D        | Noticed a blink frog
  1998 | D        | Killed a basilisk
  1998 | D        | Killed a blink frog
  1999 | D        | Noticed a sun demon
  2004 | D        | Noticed a blink frog
  2350 | D        | Killed a blink frog
  2416 | D        | Killed a sun demon
  2482 | D        | Noticed a redback
  2483 | D        | Noticed Maurice
  2486 | D        | Killed a redback
  2495 | D        | Killed Maurice
  2513 | D        | Noticed a merfolk impaler
  2513 | D        | Noticed a merfolk
  2513 | D        | Noticed a merfolk
  2513 | D        | Noticed a vampire mage
  2518 | D        | Noticed a merfolk
  2518 | D        | Killed a merfolk
  2518 | D        | Killed a vampire mage
  2519 | D        | Killed a merfolk
  2519 | D        | Killed a merfolk impaler
  2522 | D        | Killed a merfolk
  2594 | D        | Noticed a sea snake
  2596 | D        | Noticed an air elemental
  2597 | D        | Killed an air elemental
  2597 | D        | Reached XP level 13. HP: 122/122 MP: 27/27
  2598 | D        | Killed a sea snake
  2598 | D        | Reached skill level 15 in Stealth
  2612 | D        | Noticed an earth elemental
  2614 | D        | Noticed a boulder beetle
  2620 | D        | Killed an earth elemental
  2627 | D        | Killed a boulder beetle
  2636 | D        | Noticed a merfolk
  2642 | D        | Killed a merfolk
  2852 | D        | Noticed a boring beetle
  2852 | D        | Noticed a sixfirhy
  2852 | D        | Noticed a black mamba
  2855 | D        | Killed a sixfirhy
  2855 | D        | Killed a black mamba
  2858 | D        | Killed a boring beetle
  2949 | D        | Noticed a jumping spider
  2949 | D        | Noticed a death knight
  2949 | D        | Noticed a deep elf annihilator
  2949 | D        | Noticed a wandering mushroom
  2949 | D        | Noticed a wolf spider
  2949 | D        | Noticed a yaktaur
  2949 | D        | Noticed an ice devil
  2949 | D        | Noticed a spriggan druid
  2950 | D        | Killed a jumping spider
  2951 | D        | Killed a yaktaur
  2951 | D        | Killed a wandering mushroom
  2951 | D        | Killed a wolf spider
  2951 | D        | Killed a spriggan druid
  2952 | D        | Killed a death knight
  2952 | D        | Killed a deep elf annihilator
  2952 | D        | Reached skill level 15 in Fighting
  2952 | D        | Killed an ice devil
  2958 | D        | Got the ring "Troosiz" {rPois EV+3 Int+2}
  3194 | D        | Noticed a chaos spawn
  3194 | D        | Noticed a spiny frog
  3194 | D        | Noticed an orc knight
  3194 | D        | Noticed an orc knight
  3194 | D        | Noticed an orc knight
  3195 | D        | Noticed an orc knight
  3195 | D        | Noticed an orc warlord
  3195 | D        | Noticed an orc warlord
  3195 | D        | Noticed an orc knight
  3196 | D        | Noticed an orc knight
  3196 | D        | Noticed an orc knight
  3196 | D        | Noticed an orc knight
  3197 | D        | Killed a chaos spawn
  3198 | D        | Killed an orc knight
  3199 | D        | Killed an orc knight
  3199 | D        | Killed an orc knight
  3199 | D        | Reached skill level 15 in Long Blades
  3199 | D        | Killed an orc knight
  3199 | D        | Killed an orc knight
  3199 | D        | Killed an orc knight
  3199 | D        | Reached skill level 16 in Stealth
  3199 | D        | Killed an orc knight
  3199 | D        | Killed an orc knight
  3201 | D        | Killed an orc warlord
  3201 | D        | Killed an orc warlord
  3203 | D        | Killed a spiny frog
  3213 | D        | Noticed a yaktaur
  3214 | D        | Noticed a yaktaur captain
  3214 | D        | Noticed a yaktaur
  3214 | D        | Noticed a greater naga
  3214 | D        | Noticed a vault guard
  3214 | D        | Noticed a yaktaur
  3214 | D        | Noticed a yaktaur
  3216 | D        | Noticed a yaktaur
  3216 | D        | Noticed a deep elf knight
  3216 | D        | Noticed a vault guard
  3217 | D        | Noticed a yaktaur
  3217 | D        | Noticed a deep elf knight
  3217 | D        | Killed a yaktaur
  3217 | D        | Killed a yaktaur
  3217 | D        | Killed a yaktaur
  3218 | D        | Killed a vault guard
  3218 | D        | Killed a yaktaur captain
  3218 | D        | Killed a yaktaur
  3218 | D        | Killed a yaktaur
  3218 | D        | Killed a greater naga
  3218 | D        | Reached XP level 14. HP: 132/135 MP: 19/29
  3218 | D        | Killed a deep elf knight
  3218 | D        | Killed a yaktaur
  3221 | D        | Noticed a wizard
  3221 | D        | Noticed a yaktaur captain
  3224 | D        | Killed a deep elf knight
  3225 | D        | Killed a wizard
  3225 | D        | Reached skill level 10 in Dodging
  3227 | D        | Killed a yaktaur captain
  3227 | D        | Reached skill level 17 in Stealth
  3398 | D        | Noticed a deep elf knight
  3399 | D        | Noticed a raven
  3399 | D        | Noticed a war gargoyle
  3399 | D        | Killed a raven
  3400 | D        | Noticed a vault guard
  3401 | D        | Noticed a vault guard
  3402 | D        | Killed a deep elf knight
  3402 | D        | Killed a war gargoyle
  3403 | D        | Killed a vault guard
  3403 | D        | Killed a vault guard
  3403 | D        | Killed a vault guard
  3414 | D        | Noticed a deep elf knight
  3421 | D        | Killed a deep elf knight
  3795 | D        | Noticed a deep elf mage
  3795 | D        | Noticed a deep elf priest
  3796 | D        | Noticed a death cob
  3797 | D        | Killed a death cob
  3798 | D        | Killed a deep elf mage
  3798 | D        | Killed a deep elf priest
  3799 | D        | Noticed a deep elf blademaster
  3804 | D        | Killed a deep elf blademaster
  3852 | D        | Noticed the 27-headed Lernaean hydra
  3852 | D        | Noticed an ophan
  3853 | D        | Noticed a quicksilver dragon
  3853 | D        | Noticed a death drake
  3853 | D        | Noticed a boulder beetle
  3854 | D        | Noticed Tetets the pandemonium lord
  3855 | D        | Noticed a tormentor
  3855 | D        | Killed a quicksilver dragon
  3855 | D        | Killed an ophan
  3855 | D        | a boulder beetle changed into a death drake
  3856 | D        | Killed a death drake
  3856 | D        | Killed a tormentor
  3860 | D        | Noticed a purple draconian
  3862 | D        | Killed the 27-headed Lernaean hydra
  3862 | D        | Reached skill level 18 in Stealth
  3862 | D        | HP: 1/137 [shock serpent (glowing shapeshifter)/electric aura (11)]
  3870 | D        | Gained mutation: Your magical capacity is low (-10% MP). [a neqoxec]
  3878 | D        | Killed Tetets the pandemonium lord
  3878 | D        | Reached skill level 15 in Armour
  3878 | D        | Reached skill level 15 in Shields
  4257 | D        | Killed a purple draconian
  4277 | D        | Noticed Boris
  4277 | D        | Noticed a frost giant
  4277 | D        | Noticed Twia the pandemonium lord
  4277 | D        | Noticed an iron dragon
  4278 | D        | Noticed a pearl dragon
  4282 | D        | Killed Twia the pandemonium lord
  4282 | D        | Reached XP level 15. HP: 92/146 MP: 12/27
  4292 | D        | Killed Boris
  4292 | D        | Reached skill level 19 in Stealth
  4294 | D        | Killed a frost giant
  4298 | D        | Killed a pearl dragon
  4304 | D        | Killed an iron dragon
  4625 | D        | Noticed a blizzard demon
  4626 | D        | Noticed a profane servitor
  4626 | D        | Noticed a greater naga
  4626 | D        | Noticed a deep elf annihilator
  4627 | D        | Noticed an unborn
  4627 | D        | Noticed a cacodemon
  4629 | D        | Noticed a shock serpent
  4629 | D        | a shock serpent changed into a faun
  4631 | D        | Killed a blizzard demon
  4632 | D        | Killed a greater naga
  4632 | D        | Killed an unborn
  4634 | D        | Killed a deep elf annihilator
  4635 | D        | Killed a profane servitor
  4637 | D        | Killed a cacodemon
  4638 | D        | Noticed a hell knight
  4639 | D        | Noticed a hell knight
  4641 | D        | Noticed a hell knight
  4641 | D        | Noticed a hell knight
  4643 | D        | Noticed a mummy priest
  4644 | D        | Killed a hell knight
  4644 | D        | Reached skill level 20 in Stealth
  4645 | D        | Noticed Margery
  4646 | D        | Killed a hell knight
  4647 | D        | Killed a hell knight
  4648 | D        | Noticed a hell knight
  4649 | D        | Noticed a hell knight
  4651 | D        | Killed a mummy priest
  4653 | D        | Noticed a necromancer
  4654 | D        | Noticed a fire giant
  4659 | D        | Killed a hell knight
  4661 | D        | Killed Margery
  4663 | D        | Killed a hell knight
  4664 | D        | Noticed a golden eye
  4667 | D        | Noticed a cherub
  4667 | D        | Killed a necromancer
  4668 | D        | Noticed a white draconian
  4668 | D        | Killed a hell knight
  4673 | D        | Killed a golden eye
  4677 | D        | Noticed a profane servitor
  4680 | D        | Killed a fire giant
  4681 | D        | Noticed a green death
  4684 | D        | Noticed a cacodemon
  4684 | D        | Killed a cherub
  4686 | D        | Noticed an eidolon
  4691 | D        | Killed a profane servitor
  4691 | D        | Reached XP level 16. HP: 71/159 MP: 28/28
  4696 | D        | Killed a green death
  4701 | D        | Killed a cacodemon
  4712 | D        | Killed an eidolon
  4719 | D        | Killed a white draconian
  4719 | D        | Reached skill level 21 in Stealth
  5044 | D        | Noticed a Brimstone Fiend
  5044 | D        | Noticed a fire dragon
  5044 | D        | Noticed a fire dragon
  5046 | D        | Noticed a red draconian
  5046 | D        | Noticed a hell beast
  5051 | D        | Killed a Brimstone Fiend
  5053 | D        | Killed a red draconian
  5057 | D        | Killed a hell beast
  5059 | D        | Killed a fire dragon
  5065 | D        | Killed a fire dragon
  5319 | D        | Noticed a deep elf death mage
  5320 | D        | Noticed a greater mummy
  5323 | D        | Killed a deep elf death mage
  5332 | D        | Killed a greater mummy
  5334 | D        | Noticed Bybageask the pandemonium lord
  5339 | D        | Noticed a sphinx
  5343 | D        | Killed a sphinx
  5344 | D        | Killed Bybageask the pandemonium lord
  5344 | D        | Reached skill level 22 in Stealth
  5347 | D        | Noticed a storm dragon
  5352 | D        | Killed a storm dragon
  5584 | D        | Got the ring of Ymymu {rF+ MP+9 Str+6 SInv}
  5586 | D        | Got the ring of the Heron {+Inv rN++ MP+9 Str-4 Int+3}
  5588 | D        | Got the amulet "Thufoc" {Faith rF+ rC- Slay+2}
  5590 | D        | Got the ring "Opa Zedo" {Wiz Str-2 Int+6}
  5592 | D        | Got an amulet of Idealism {+Rage +Fly Int+6}
  5594 | D        | Got the ring "Smeb" {+Fly rElec rF+ rN+ Int+3 Dex-3}
  5596 | D        | Got the ring "Shoteot" {SustAb rC+ Stlth+}
  5598 | D        | Got the amulet of the Slug {Inacc -Cast Int+3 SInv}
  5803 | D        | Noticed a golden eye
  5803 | D        | Noticed a titan
  5803 | D        | Noticed a stone giant
  5803 | D        | Noticed an iron troll
  5803 | D        | Noticed a hell knight
  5803 | D        | Noticed a hell knight
  5803 | D        | Noticed a necromancer
  5803 | D        | Noticed a hell knight
  5803 | D        | Noticed a hell knight
  5803 | D        | Noticed a hell knight
  5804 | D        | Noticed a hell knight
  5806 | D        | Killed a hell knight
  5808 | D        | Killed a hell knight
  5808 | D        | Killed a hell knight
  5808 | D        | Killed a hell knight
  5808 | D        | Killed a necromancer
  5809 | D        | Killed a hell knight
  5809 | D        | Killed a stone giant
  5809 | D        | Killed a golden eye
  5812 | D        | Killed a hell knight
  5819 | D        | Killed a titan
  5823 | D        | Killed an iron troll
  6155 | D        | Noticed the royal jelly
  6161 | D        | Noticed a cacodemon
  6162 | D        | Noticed Xtahua
  6165 | D        | Noticed an acid blob
  6165 | D        | Noticed an acid blob
  6166 | D        | Noticed an acid blob
  6166 | D        | Noticed an acid blob
  6168 | D        | Killed an acid blob
  6168 | D        | Noticed an acid blob
  6169 | D        | Killed an acid blob
  6169 | D        | Killed an acid blob
  6169 | D        | Killed a cacodemon
  6169 | D        | Killed an acid blob
  6169 | D        | Killed the royal jelly
  6169 | D        | Reached skill level 23 in Stealth
  6169 | D        | Reached XP level 17. HP: 139/172 MP: 22/28
  6172 | D        | Killed Xtahua
  6177 | D        | HP: 8/172 [acid blob/splash of acid (4)]
  6177 | D        | Splashed by an acid blob's acid

Action                   |  1- 3 |  4- 6 |  7- 9 | 10-12 | 13-15 | 16-18 || total
-------------------------+-------+-------+-------+-------+-------+-------++-------
Melee: Long sword        |    20 |    37 |     6 |    28 |       |       ||    91
       Falchion          |    28 |       |       |       |       |       ||    28
       Scimitar          |       |       |       |    20 |    95 |    81 ||   196
Invok: Slouch            |       |     2 |     6 |    36 |    47 |    17 ||   108
       Temporal Distorti |       |       |       |       |     1 |       ||     1
 Abil: Spit Poison       |     1 |       |       |       |       |       ||     1
       Breathe Fire      |       |       |       |       |     1 |       ||     1
  Use: Potion            |     2 |     5 |       |     4 |    11 |       ||    22
       Scroll            |       |     1 |       |       |     1 |     1 ||     3
 Stab: Sleeping          |       |       |       |       |     1 |     1 ||     2
  Eat: Chunk             |       |       |       |    11 |     5 |     4 ||    20
       Beef jerky        |       |       |       |     1 |       |       ||     1
       Meat ration       |       |       |       |       |     1 |       ||     1
       Fruit             |       |       |       |       |       |     8 ||     8
